 Dungeon Crawl Stone Soup version bcrawl-1.21.3 (webtiles) character file.

Game seed: 14294639391667367403

56112 funkygono the Eclecticist (level 14, -1/81 HPs)
             Began as a Fairy Conjurer on Apr 4, 2020.
             Was a High Priest of Vehumet.
             Succumbed to a cane toad's poison
             ... on level 5 of the Lair of Beasts.
             The game lasted 00:59:49 (18512 turns).

funkygono the Eclecticist (Fairy Conjurer)         Turns: 18512, Time: 00:59:49

Health: -1/81      AC: 13    Str:  6    XL:     14   Next: 80%
Magic:  32/37      EV: 23    Int: 24    God:    Vehumet [*****.]
Gold:   561        SH: 11    Dex: 13    Spells: 23/47 levels left

rFire    + . .     SeeInvis +   m - +4 dagger (venom)
rCold    x . .     Gourm    .   (shield restricted)
rNeg     . . .     Faith    .   (armour unavailable)
rPois    .         Spirit   .   f - +2 helmet
rElec    .         Reflect  +   (no cloak)
rCorr    .         Harm     .   (no gloves)
MR       +....                  a - +2 pair of boots of the Assassin {Detection Stab+ Stlth++}
Stlth    ++++......             d - +4 amulet of reflection
HPRegen  0.23/turn              k - ring of see invisible
MPRegen  0.25/turn              M - ring of fire

@: lethally poisoned (-1 -> -17), flying evasively
A: small, magic attunement, unstealthy, unfitting armour, able to fly, AC/SH +7
a: Stop Flying, Renounce Religion


You were on level 5 of the Lair of Beasts.
You worshipped Vehumet.
Vehumet was extremely pleased with you.
You were not hungry.

You visited 3 branches of the dungeon, and saw 18 of its levels.

You collected 1111 gold pieces.
You spent 550 gold pieces at shops.

Inventory:

Hand Weapons
 m - a +4 dagger of venom (weapon)
 o - a +4 flail of crushing
 t - a +4 mace of freezing
 z - a +1 dagger of electrocution
Missiles
 j - 2854 stones (quivered)
 G - 2 throwing nets {!f}
Armour
 a - the +2 pair of boots of the Assassin (worn) {Detection Stab+ Stlth++}
   (You found it on level 7 of the Dungeon)

   It makes you much more stealthy.
 f - a +2 helmet (worn)
 s - a +0 pair of boots
Magical Staves
 q - an uncursed staff of earth
Jewellery
 d - a +4 amulet of reflection (around neck)
 k - a ring of see invisible (left hand)
 w - an uncursed amulet of regeneration
 y - an uncursed amulet of magic regeneration
 D - an uncursed ring of ice
 J - an uncursed amulet of the acrobat
 M - a ring of fire (right hand)
Wands
 b - a wand of random effects (5)
 u - a wand of flame (30)
 F - a wand of paralysis (18)
 P - a wand of polymorph (17)
 R - a wand of clouds (5)
 T - a wand of acid (12)
Scrolls
 c - 14 scrolls of remove curse
 h - 6 scrolls of teleportation
 l - 3 scrolls of fog
 x - a scroll of fear
 B - a scroll of immolation
 C - 3 scrolls of amnesia
 E - a scroll of summoning
 K - a scroll of magic mapping
 L - 5 scrolls of identify
Potions
 g - 2 potions of flight
 i - a potion of resistance
 n - 7 potions of ambrosia
 p - 2 potions of heal wounds
 r - 3 potions of haste
 v - a potion of magic
 A - 3 potions of lignification
 H - 2 potions of curing
 I - 2 potions of brilliance
 O - 3 potions of agility
 Q - 3 potions of might
Miscellaneous
 N - a phial of floods
Comestibles
 e - 19 rations {!d}


   Skills:
 + Level 2.4 Fighting
 + Level 1.8 Short Blades
 + Level 10.6 Dodging
 + Level 4.7 Stealth
   Level 4.0 Shields
 + Level 17.3 Spellcasting
 + Level 14.7 Conjurations
   Level 2.3 Fire Magic
 + Level 2.7 Ice Magic
   Level 2.3 Air Magic
 + Level 8.0 Earth Magic
 + Level 11.0 Poison Magic


You had 23 spell levels left.
You knew the following spells:

 Your Spells              Type           Power        Failure   Level  Hunger
a - Magic Dart            Conj           ####         0%          1    None
b - Searing Ray           Conj           #######.     0%          2    None
c - Iskenderun's Mystic   Conj           #######.     0%          3    None
d - Sandblast             Erth           ######       1%          1    None
e - Olgreb's Toxic Radia  Pois           ######..     1%          4    None
f - Stone Arrow           Conj/Erth      ######       1%          3    None
g - Throw Icicle          Conj/Ice       ######..     1%          4    None
h - Bolt of Cold          Conj/Ice       ######....   3%          6    None

Your spell library contained the following spells:

 Spells                   Type           Power        Failure   Level  Hunger
 Passwall                 Tmut/Erth      #####...     1%          2    None
 Fulminant Prism          Conj/Hex       ######....   1%          4    None
 Irradiate                Conj/Tmut      ######....   1%          5    None
 Lee's Rapid Deconstruct  Erth           ######....   1%          5    None
 Apportation              Tloc           ###...       2%          1    None
 Infusion                 Chrm           ###.....     2%          1    None
 Slow                     Hex            ###.....     2%          1    None
 Summon Butterflies       Summ           ###.....     2%          1    None
 Petrify                  Tmut/Erth      #####...     4%          4    None


Dungeon Overview and Level Annotations

Branches:
Dungeon (11/12)            Temple (1/1) D:4            Lair (6/6) D:8
 Shoals (0/3) Lair:4        Snake (0/3) Lair:2          Orc (0/1) D:11
  Slime: Lair:5-6    Vaults: D:11-12

Altars:
Ashenzari
Cheibriados
Dithmenos
Elyvilon
Fedhas
Gozag
Hepliaklqana
Kikubaaqudgha
Lugonu
Makhleb
Nemelex Xobeh
Okawaru
Qazlal
Ru
Sif Muna
Trog
Uskayaw
Vehumet
Wu Jian
Xom
Yredelemnul
Zin
The Shining One

Shops:
D:9 [![*%

Annotations:
D:8 3 runed translucent doors
Lair:6 Harold


Innate Abilities, Weirdness & Mutations

Your spells do not cause hunger and MP costs are reduced by 1.
Your bright wings attract enemies. (Stealth-)
You cannot fit into any form of body armour.
Your shimmering scales are hard and can block incoming attacks. (AC +7, SH +7)
You are small and have problems with some larger weapons.
You can fly continuously.


Message History

You block the death yak's attack. The cane toad hits you!
You are poisoned.
The cane toad poisons you!
The death yak gores you but does no damage.
A rime drake comes into view.
You block the death yak's attack. The death yak gores you!!
* * * LOW HITPOINT WARNING * * *
A seven-headed hydra comes into view.
The elephant looks more poisoned.
The rime drake is poisoned.
The death yak looks more poisoned. x2; The blink frog looks more poisoned.
* * * LOW HITPOINT WARNING * * *
You feel sick. The cane toad misses you. You block the death yak's attack.
The cane toad misses you. You block the death yak's attack.
The death yak gores you!
* * * LOW HITPOINT WARNING * * *
The death yak closely misses you.
All of the chunks of flesh in your inventory have rotted away.
You fly upwards.
The death yak looks more poisoned. x2
Your toxic aura wanes.
You die...

#### ##########..# ###
###.#.##P#÷F#F###.###
#####...........@Y......#
.#.#P.#........YYY......#
........................##
.........................# ####
[.......................######.##
........................##.##.#..
.#.#.............................
######...........................
# #.#........<........P.........


You could see 4 death yaks and 2 cane toads.

Vanquished Creatures
  5 hydras
  2 centaur warriors (D:11)
  A two-headed ogre (D:11)
  4 death yaks
  5 skeletal warriors (D:11)
  An unseen horror (D:11)
  2 cyclopes
  A wolf spider zombie (D:11)
  2 deep elf magi
  4 ugly things
  2 black mambas
  3 torpor snails
  Joseph (D:7)
  9 cane toads
  A rime drake (shapeshifter) (D:11)
  2 rime drakes
  2 komodo dragons
  A freezing wraith (D:10)
  A yaktaur (D:11)
  9 trolls
  3 hornets (D:11)
  2 polar bears (D:10)
  6 hippogriffs
  The ghost of dscm the Ducker, an amateur OpAc of Gozag (D:4)
  8 blink frogs
  5 dream sheep (Lair:5)
  The ghost of juliaBrune the Cudgeler, an amateur OgFi (D:4)
  40 yaks
  3 basilisks
  A warg (D:11)
  Edmund (D:5)
  7 water moccasins
  An acid dragon (D:9)
  11 crocodiles
  15 porcupines
  8 orc warriors
  A porcupine (shapeshifter) (D:11)
  2 black bears
  A sky beast (D:10)
  2 phantoms
  An eye of draining (D:10)
  3 ice beasts
  A necrophage (D:8)
  2 centaurs
  25 wolves (Lair:4)
  6 ogres
  10 bullfrogs
  3 big kobolds
  3 scorpions
  3 killer bees (D:10)
  5 wights (D:9)
  2 howler monkeys (D:9)
  An electric eel (D:11)
  A vampire bat (D:5)
  5 crimson imps
  2 centaur zombies
  A centaur skeleton (D:7)
  3 jellies
  8 orc priests
  9 hounds
  4 iguanas
  12 orc wizards
  4 worker ants
  A worker ant zombie (D:3)
  11 adders
  2 river rats (D:8)
  3 shadow imps
  2 oozes (D:2)
  4 worms
  2 dart slugs
  3 fire bats (D:5)
  A leopard gecko (D:3)
  41 orcs
  2 spectral bats (D:5)
  3 bat skeletons (D:5)
  A bat zombie (D:5)
  A giant cockroach (D:3)
  12 goblins
  10 hobgoblins
  9 jackals
  5 quokkas
  15 bats
  A bat simulacrum (D:5)
  7 frilled lizards
  21 kobolds
  5 rats
  A fungus (Lair:2)
454 creatures vanquished.

Vanquished Creatures (others)
  A centaur warrior (D:10)
  2 cyclopes
  An orc warrior (D:7)
  A sky beast (D:8)
  2 centaurs
  8 fungi
  A plant (Lair:5)
16 creatures vanquished.

Grand Total: 470 creatures vanquished

Notes
Turn   | Place    | Note
-------+----------+-------------------------------------------
     0 | D:1      | funkygono the Fairy Conjurer began the quest for the Orb.
     0 | D:1      | Reached XP level 1. HP: 11/11 MP: 6/6
    20 | D:1      | Reached skill level 5 in Conjurations
    79 | D:1      | Reached XP level 2. HP: 17/17 MP: 7/7
   494 | D:1      | Learned a level 2 spell: Searing Ray
   550 | D:2      | Reached skill level 3 in Spellcasting
   562 | D:2      | Reached XP level 3. HP: 15/21 MP: 9/9
   819 | D:2      | Reached XP level 4. HP: 27/27 MP: 11/11
   829 | D:2      | Learned a level 3 spell: Iskenderun's Mystic Blast
  1296 | D:3      | Reached skill level 4 in Spellcasting
  1331 | D:3      | Found a hazy altar of Hepliaklqana.
  1522 | D:3      | Reached XP level 5. HP: 31/31 MP: 11/13
  2013 | D:3      | Found a hide-covered altar of Uskayaw.
  2013 | D:3      | Found a bloodstained altar of Trog.
  2216 | D:4      | Noticed an ogre
  2223 | D:4      | Killed an ogre
  2223 | D:4      | Reached skill level 5 in Spellcasting
  2223 | D:4      | Reached XP level 6. HP: 28/36 MP: 12/15
  2785 | D:4      | Noticed a troll
  2796 | D:4      | HP: 1/36 [troll (7)]
  2797 | D:4      | Killed a troll
  2797 | D:4      | Reached skill level 6 in Spellcasting
  2797 | D:4      | Reached XP level 7. HP: 2/41 MP: 6/18
  3224 | D:4      | Found a staircase to the Ecumenical Temple.
  3250 | D:4      | Reached skill level 7 in Spellcasting
  3267 | Temple   | Entered the Ecumenical Temple
  3277 | Temple   | Became a worshipper of Vehumet
  3305 | D:4      | Found a runed translucent gate.
  3305 | D:4      | Found a runed translucent gate.
  3309 | D:4      | Found a runed translucent gate.
  3311 | D:4      | Noticed juliaBrune's ghost (amateur OgFi)
  3311 | D:4      | Noticed dscm's ghost (amateur OpAc)
  3328 | D:4      | Found a shadowy altar of Dithmenos.
  3672 | D:5      | Entered Level 5 of the Dungeon
  3833 | D:5      | Reached XP level 8. HP: 43/46 MP: 21/21
  3865 | D:5      | Noticed Edmund
  3872 | D:5      | Killed Edmund
  4147 | D:5      | Reached skill level 8 in Spellcasting
  4225 | D:5      | Reached * piety under Vehumet
  4225 | D:5      | Offered knowledge of Sandblast by Vehumet.
  4229 | D:5      | Learned a level 1 spell: Sandblast
  4569 | D:5      | Reached skill level 1 in Earth Magic
  5106 | D:6      | Reached XP level 9. HP: 38/51 MP: 19/23
  5186 | D:6      | Reached skill level 9 in Spellcasting
  5239 | D:6      | Reached ** piety under Vehumet
  5239 | D:6      | Offered knowledge of Freeze by Vehumet.
  5315 | D:6      | Reached skill level 10 in Conjurations
  5709 | D:6      | Found an iron altar of Okawaru.
  5857 | D:7      | Found the +2 pair of boots of the Assassin {Detection Stab+
                  | Stlth++}
  5876 | D:7      | Noticed Joseph
  6055 | D:7      | Noticed a troll
  6064 | D:6      | Killed a troll
  6320 | D:7      | Noticed a cyclops
  6322 | D:7      | HP: 1/51 [cyclops/large rock (42)]
  6622 | D:7      | Killed a cyclops
  6622 | D:7      | Reached skill level 10 in Spellcasting
  6622 | D:7      | Reached skill level 5 in Earth Magic
  6643 | D:7      | Reached skill level 5 in Dodging
  6652 | D:7      | Offered knowledge of Inner Flame by Vehumet.
  6881 | D:7      | Killed Joseph
  6881 | D:7      | Reached XP level 10. HP: 42/56 MP: 23/26
  7190 | D:7      | Reached skill level 11 in Spellcasting
  7205 | D:7      | Noticed a white ugly thing
  7213 | D:7      | Killed a white ugly thing
  7306 | D:7      | Reached *** piety under Vehumet
  7490 | D:7      | Found a shattered altar of Ashenzari.
  7491 | D:7      | Found a glowing golden altar of the Shining One.
  7546 | D:8      | Noticed a death yak
  7551 | D:8      | Noticed a death yak
  7552 | D:8      | Noticed a death yak
  7588 | D:7      | Killed a death yak
  7732 | D:8      | Found a staircase to the Lair.
  7905 | D:8      | Killed a death yak
  7905 | D:8      | Reached skill level 12 in Spellcasting
  7909 | D:8      | Reached XP level 11. HP: 55/62 MP: 10/29
  7910 | D:8      | Killed a death yak
  8041 | D:8      | Offered knowledge of Olgreb's Toxic Radiance by Vehumet.
  8133 | D:8      | Noticed a deep elf mage
  8149 | D:8      | Killed a deep elf mage
  8234 | D:8      | Noticed a two-headed ogre
  8383 | D:8      | Reached **** piety under Vehumet
  8690 | D:8      | Found a runed translucent gate.
  8690 | D:8      | Found a runed translucent gate.
  8690 | D:8      | Found a runed translucent gate.
  8690 | D:8      | Noticed a red ugly thing
  8690 | D:8      | Noticed a white ugly thing
  8690 | D:8      | Noticed a white ugly thing
  8690 | D:8      | Noticed a white ugly thing
  8690 | D:8      | Noticed a white very ugly thing
  8715 | D:8      | Learned a level 4 spell: Olgreb's Toxic Radiance
  8751 | D:9      | Found Noobb's Antique Armour Emporium.
  8764 | D:9      | Reached skill level 13 in Spellcasting
  8851 | D:9      | Found Waykh's Armour Boutique.
  8877 | D:9      | Found Doruh's General Store.
  8950 | D:9      | Found Goetairo's Food Shoppe.
  9059 | D:9      | Found an ornate altar of the Wu Jian Council.
  9080 | D:9      | Reached skill level 1 in Poison Magic
  9540 | D:9      | Noticed a cyclops
  9555 | D:9      | Killed a cyclops
  9562 | D:9      | Found Esepp's Distillery.
  9569 | D:9      | Bought a potion of experience for 550 gold pieces
  9570 | D:9      | Reached skill level 1 in Short Blades
  9570 | D:9      | Reached XP level 12. HP: 70/70 MP: 31/31
  9775 | D:4      | Killed juliaBrune's ghost
  9777 | D:4      | Killed dscm's ghost
  9902 | Lair:1   | Entered Level 1 of the Lair of Beasts
 10443 | Lair:1   | Reached skill level 14 in Spellcasting
 10462 | Lair:1   | Reached skill level 5 in Poison Magic
 10861 | Lair:1   | Reached XP level 13. HP: 74/74 MP: 33/33
 11371 | Lair:2   | Offered knowledge of Stone Arrow by Vehumet.
 11376 | Lair:2   | Learned a level 3 spell: Stone Arrow
 11638 | Lair:2   | Found a staircase to the Snake Pit.
 12598 | Lair:3   | Reached skill level 15 in Spellcasting
 13476 | Lair:4   | Reached ***** piety under Vehumet
 13477 | Lair:4   | Offered knowledge of Throw Icicle by Vehumet.
 13784 | Lair:4   | Found a staircase to the Shoals.
 14546 | Lair:4   | Learned a level 4 spell: Throw Icicle
 14706 | D:10     | Entered Level 10 of the Dungeon
 14789 | D:10     | Reached XP level 14. HP: 81/81 MP: 25/35
 15031 | D:10     | Reached skill level 16 in Spellcasting
 15346 | D:10     | Found a bloodstained altar of Trog.
 15677 | D:11     | Reached skill level 10 in Dodging
 15694 | D:11     | Reached skill level 10 in Poison Magic
 15857 | D:11     | Found a staircase to the Orcish Mines.
 16044 | D:11     | Offered knowledge of Bolt of Cold by Vehumet.
 16052 | D:11     | Learned a level 6 spell: Bolt of Cold
 16404 | D:11     | Found a hide-covered altar of Uskayaw.
 17577 | Lair:5   | Reached skill level 17 in Spellcasting
 18219 | Lair:6   | Entered Level 6 of the Lair of Beasts
 18219 | Lair:6   | Noticed Harold
 18511 | Lair:6   | HP: 2/81 [death yak (8)]
 18512 | Lair:5   | Succumbed to a cane toad's poison

Skill      XL: |  1  2  3  4  5  6  7  8  9 10 11 12 13 14 |
---------------+-------------------------------------------+-----
Conjurations   | 5 6 7 8 9 10 12 13 14 | 14.7
Spellcasting   | 3 4 5 6 7 8 10 12 13 14 15 17 | 17.3
Dodging        | 3 4 5 6 8 9 10 | 10.6
Stealth        | 2 3 4 |  4.7
Earth Magic    | 2 5 6 7 8 |  8.0
Poison Magic   | 3 5 9 11 | 11.0
Fighting       | 2 |  2.4
Short Blades   | 1 |  1.8
Shields        | 4 |  4.0
Fire Magic     | 2 |  2.3
Ice Magic      | 2 |  2.7
Air Magic      | 2 |  2.3

Action                   |  1- 3 |  4- 6 |  7- 9 | 10-12 | 13-15 || total
-------------------------+-------+-------+-------+-------+-------++-------
Melee: Dagger            |       |       |     4 |     3 |     1 ||     8
 Cast: Magic Dart        |    44 |    80 |   172 |   146 |   185 ||   627
       Searing Ray       |     1 |    11 |    26 |    29 |    82 ||   149
       Sandblast         |       |       |    17 |    26 |     7 ||    50
       Iskenderun's Myst |       |       |    21 |    30 |    16 ||    67
       Olgreb's Toxic Ra |       |       |       |    20 |    63 ||    83
       Stone Arrow       |       |       |       |       |    17 ||    17
       Bolt of Cold      |       |       |       |       |    14 ||    14
  Use: Scroll            |     3 |     3 |     6 |     7 |     8 ||    27
       Potion            |       |       |     3 |     2 |       ||     5
  Eat: Chunk             |       |     3 |    10 |     3 |    13 ||    29
       Ration            |       |     1 |     1 |     2 |     3 ||     7
Armor: Skin              |     1 |     8 |    27 |    12 |    39 ||    87
Dodge: Dodged            |     3 |    26 |    98 |    62 |   241 ||   430
Block: Other             |     2 |     8 |    70 |    51 |   173 ||   304
       Reflection        |       |       |     9 |     3 |    10 ||    22
